woodfighter, lawful female dwarven Priestess ------- ####################......| # |.....| # ------- |....<.# # #F@dd...| +.....|# # # |B..... -------# +####### >o...| # ######`#+ ....| # ----- # # # #### #------- #|`.)..| #-.....| ------- woodfighter the Acolyte Experience level: 3 Strength: 13 Dexterity: 16 Constitution: 13 Intelligence: 17 Wisdom: 12 Charisma: 7 Health: 0(29) Energy: 9(9) Def: 5 Gold: 604 Moves: 2100 Dungeon seed: e1dy-EZOx2i61QBx Game ID: woodfighter_1547318100 Your Inventory: Coins $ - 604 gold pieces Weapons a - a blessed +1 mace (weapon in hand) Armor e - a +0 robe (being worn) n - a +0 small shield (being worn) q - a blessed +0 pair of kicking boots (being worn) z - a +0 helm of brilliance (being worn) Comestibles d - a sprig of wolfsbane t - 3 eucalyptus leaves u - a tripe ration Scrolls l - a scroll of identify Spellbooks g - a spellbook of detect monsters h - a spellbook of light i - a spellbook of protection Potions b - 4 potions of holy water k - a potion of confusion o - 2 potions of water r - a potion of healing A - a blessed potion of oil Wands f - a wand of cancellation (0:1) p - a wand of enlightenment (0:13) B - a wand of create monster (0:10) Tools y - a skeleton key Spells and supernatural/magical abilities: Name Level Category Fail Memory l - light 1 divination 0% 90% n - detect monsters 1 divination 0% 90% p - protection 1 clerical 0% 90% W - pray for help -- divine ? -- X - turn undead -- divine ? -- Your skills at the end: Miscellaneous Skills shield [Basic] wands [Basic] Weapon Skills pick-axe [Basic] mace [Basic] Spellcasting Skills clerical spells [Basic] Final Attributes: You were fervently aligned. You had infravision. You are dead. Vanquished creatures: a kitten an iguana 2 coyotes a gecko 2 giant rats a yellow mold 4 manes 10 jackals a fox a kobold 3 newts a goblin 2 sewer rats a grid bug 3 lichens 34 creatures vanquished. Voluntary challenges: You did not adorn yourself with jewelry or accessories. You did not cause conflict. You were not invisible. You did not have reflection. You were not displaced. You had been an atheist until turn 1822. You used a wielded weapon 34 times, starting on turn 379. You did not use tools. You did not use plumbed fixtures. You did not drink any magical draughts. You read items or engraved 2 times, starting on turn 1020. You never genocided any monsters. You never polymorphed an object. You never changed form. You used no wishes. You never split a pudding. You never wrote Elbereth's name. You never violated your personal moral code. Dungeon overview: The Dungeons of Doom: levels 1 to 5 Level 1 some fountains a long staircase Level 2 a fountain stairs to The Gnomish Mines Level 3 Level 4 some fountains Level 5 <- You were here The Gnomish Mines: Level 3 stairs to The Dungeons of Doom History has recorded: On T:1 you entered the Dungeons of Doom to retrieve the Amulet of Yendor! On T:310 you reached level 2 of The Dungeons of Doom. On T:586 you reached level 3 of The Dungeons of Doom. On T:932 you reached level 1 of The Gnomish Mines. On T:1112 you reached level 4 of The Dungeons of Doom. On T:1113 you advanced to experience level 2. On T:1591 you advanced to experience level 3. On T:1610 you reached level 5 of The Dungeons of Doom. On T:1822 you prayed to Issek. Score breakdown: Gold: 604 ( 60 points) Experience: 3 levels ( 200 points) Exploration: 5 levels ( 120 points) Discoveries: 8 items ( 400 points) Variety of kills: 15 monsters ( 750 points) Major goal: (nothing yet) ( 0 points) Survival: died (score multiplied by 3) Total score: 4590 Latest messages: Click! You trigger a rolling boulder trap! You are almost hit by a boulder. (2x) You stop exploring. You kill the goblin! The door opens. You stop exploring. The coyote bites! (3x) You hit the coyote. The coyote bites! (2x) You hit the coyote. The coyote bites! (2x) The goblin wields a crude dagger! The coyote suddenly falls asleep! The coyote bites! (2x) You kill the coyote! The coyote bites! You kill the coyote! The coyote bites! You feel self-knowledgeable... The feeling subsides. The coyote misses. The giant bat bites! The coyote bites! You die... Final status: Goodbye woodfighter the Priestess, killed by a coyote... You died in The Dungeons of Doom on dungeon level 5 with 4590 points, and 604 pieces of gold, after 2100 moves. You were level 3 with a maximum of 29 hit points when you died.